[Event "Baku Open 2024"]
[Site "Baku"]
[Date "2024.06.30"]
[Round "2.1"]
[White "Talibov, Shiroghlan"]
[Black "Mamedov, Rauf"]
[Result "0-1"]
[ECO "B15"]
[WhiteElo "2361"]
[BlackElo "2651"]
[Annotator "TA"]
[PlyCount "160"]
[EventDate "2024.06.29"]
[EventType "swiss"]
[EventCountry "AZE"]
[SourceTitle "playchess.com"]
[Source "ChessBase"]
[SourceQuality "1"]
[TimeControl "5400+30"]

1. e4 c6 2. d4 d5 3. Nc3 dxe4 4. Nxe4 Nf6 5. Nxf6+ exf6 6. Bc4 Bd6 7. Qe2+ Qe7 8. c3 {[%emt 0:02:33] B15: Caro-Kann: 3 Nc3: 3...g6 and 3...dxe4 4 Nxe4 Nf6 5 Nxf6+ exf6.} Bf5 9. Qxe7+ Kxe7 10. Ne2 b5 11. Bb3 Nd7 12. O-O Rhe8 13. a4 $146 ({Predecessor:} 13. Re1 Kf8 14. Bf4 Bxf4 15. Nxf4 Rxe1+ 16. Rxe1 Nb6 17. f3 a5 18. g4 Bg6 19. Kf2 {½-½ Perpinya Rofes,L (2298)-Perez Manas,B (2271) Catalunya-chT Final 2022 (2.8)}) 13... a6 14. Ng3 Be6 15. Re1 g6 16. Bc2 Kf8 17. Ne4 Bc7 18. b3 Kg7 19. Ba3 Bf5 20. f3 h5 21. g3 bxa4 22. bxa4 Ba5 23. Rab1 Bxc3 24. Nxc3 Bxc2 25. Rxe8 Rxe8 26. Rb2 Re1+ 27. Kf2 Ra1 28. Rxc2 (28. Be7 $15 Bf5 (28... Bxa4 29. Rb7 $11) 29. h4) 28... Rxa3 $17 29. Ne4 Rxa4 30. Rxc6 Rxd4 31. Rxa6 Ne5 32. Nxf6 Rd2+ 33. Ke3 Rxh2 34. Kf4 Re2 35. Rd6 Nc4 36. Rc6 Ne5 (36... Ne3 $1 $17 37. g4 Ng2+ 38. Kg3 h4+ 39. Kh3 Kh6) 37. Rd6 $15 Nc4 38. Rc6 $1 Ne3 39. g4 Ng2+ 40. Kg3 h4+ 41. Kh3 Ne1 (41... g5 $5 42. Nh5+ $8 Kf8 43. Rc8+ Ke7 44. Rc7+ Kd6 45. Rxf7 Ne3 $17) 42. Kxh4 Nxf3+ 43. Kg3 Nd4 44. Rc4 Ne6 45. Nd5 Rd2 46. Nf4 Ng5 47. Ra4 Rd1 48. Kg2 Rb1 49. Nd3 Rb3 50. Nf2 Kh6 51. Rf4 Rb2 52. Ra4 Ne6 53. Ra7 Kg7 54. Ra4 Kf6 55. Ra5 Rc2 56. Rb5 Ra2 57. Rb7 Nc5 58. Rb6+ $1 Ke5 59. Rb5 Kd4 60. Kg3 g5 61. Rb1 Ra3+ 62. Kg2 Ne6 (62... Ra4 $17) 63. Nh3 $11 Ra2+ 64. Kg3 {[%emt 0:00:05] [#]} (64. Kh1 $11) 64... Ra3+ ({Black should play} 64... f6 $1 $17) 65. Kg2 $11 Ke4 66. Rf1 Nf4+ 67. Nxf4 gxf4 68. Re1+ Re3 69. Ra1 Re2+ 70. Kf1 $2 (70. Kh3 $11) 70... Kf3 71. Ra3+ Re3 $1 72. Ra2 Rb3 (72... Kxg4 73. Ra7 $11) 73. Rf2+ {[%emt 0:00:12] [#]} Kg3 $1 (73... Kxg4 74. Rg2+ Kf5 75. Rc2 $11) 74. Rg2+ Kh4 $2 (74... Kh3 {( -> ...Rf3+)} 75. Rd2 Kg3 (75... Kxg4 76. Ra2 $17) 76. Rg2+ Kh4) 75. Ra2 $19 Rh3 ({Resist} 75... Kxg4 76. Rg2+ Kf5 77. Rg7 $15) 76. Kg1 $2 (76. Ra6 $19) 76... f3 ({Weaker is} 76... Kxg4 77. Ra7 $11) 77. Ra7 Kg3 (77... Kxg4 78. Rxf7 Rh5 79. Rf8 $11) 78. Ra3 Rh8 ({And not} 78... Kxg4 79. Ra8 $11) 79. g5 Rb8 80. Ra1 Rb2 0-1

[Event "Baku Open 2024"]
[Site "Baku"]
[Date "2024.06.30"]
[Round "2.2"]
[White "Kamalidenova, Meruert"]
[Black "Puranik, Abhimanyu"]
[Result "0-1"]
[ECO "C45"]
[WhiteElo "2360"]
[BlackElo "2632"]
[Annotator "TA"]
[PlyCount "75"]
[EventDate "2024.06.29"]
[EventType "swiss"]
[EventCountry "AZE"]
[SourceTitle "playchess.com"]
[Source "ChessBase"]
[SourceQuality "1"]
[TimeControl "5400+30"]

1. e4 e5 2. Nf3 Nc6 3. d4 exd4 4. Nxd4 Bc5 5. Nb3 Bb6 6. Nc3 Qf6 7. Qe2 Nge7 8. h4 h6 9. g4 d6 10. f4 {[%emt 0:00:42] Inhibits Ne5.} Bd7 {[%emt 0:14:59] The position is equal.} 11. g5 Qg6 12. h5 Qh7 13. a4 a6 (13... hxg5 $6 14. a5 Bc5 15. Nxc5 (15. fxg5 Bb4 $14) 15... dxc5 16. fxg5 $16) 14. a5 Nd4 15. Nxd4 Bxd4 16. Bg2 (16. Bd2 $1 $11) 16... Bxc3+ $15 17. bxc3 O-O-O 18. Rb1 (18. Bb2 $11) 18... Rde8 $17 19. Be3 {[%emt 0:03:54] [#]} hxg5 $1 20. f5 {[%emt 0:03:22] This move loses the game for White.} (20. fxg5 $17 {was the only chance.} Nc6 21. Qc4) 20... Bc6 {[%emt 0:06:25] Hoping for ...f6.} 21. Kd2 d5 22. Kc1 dxe4 {[%emt 0:02:51] aiming for ...Nd5.} 23. Qc4 {[%emt 0:00:06] [#]} (23. Bxg5 {is tougher.} f6 (23... Nxf5 $2 24. Rb4 $19) (23... Qxf5 $2 24. Bh3 $18) 24. Bd2) 23... Qxf5 $19 (23... Nxf5 $2 24. Bh3 f6 (24... Qxh5 $2 25. Bxf5+ $18) 25. Qc5 $17) 24. Rf1 Qxa5 25. Qd4 b6 26. Rxf7 Nd5 27. Qxg7 (27. Kb2 $142) 27... Rhg8 (27... Nxe3 $2 {too greedy.} 28. Rxc7+ Kb8 29. Rxc6 $18) 28. Qh7 Qxc3 (28... Nxe3 $2 {perishes.} 29. Rxc7+ Kb8 30. Rxc6 $18) 29. Rb3 Qa1+ 30. Kd2 Rd8 31. Ke2 Qe5 $2 (31... g4 {( -> ...Nc3+)} 32. Bd2 Kb8) 32. Qf5+ Qxf5 33. Rxf5 Bd7 34. Re5 Bg4+ 35. Kf2 Nxe3 36. Kxe3 Bxh5 37. Rc3 Rde8 {[%emt 0:01:19] Wards off Re6} 38. Kd4 {[%emt 0:37:48] Weighted Error Value: White=1.04/Black=0.20 (precise) .  Mistake:       	White=6     	---        Inaccurate:     	White=2     	---        OK:         	White=5     	Black=15} (38. Bh3+ $142 Kb8 39. Rxe4) 0-1

[Event "Baku Open 2024"]
[Site "Baku"]
[Date "2024.06.30"]
[Round "2.3"]
[White "Suleymanli, Aydin"]
[Black "Galaktionov, Artem"]
[Result "1/2-1/2"]
[ECO "B12"]
[WhiteElo "2626"]
[BlackElo "2358"]
[Annotator "TA"]
[PlyCount "159"]
[EventDate "2024.06.29"]
[EventType "swiss"]
[EventCountry "AZE"]
[SourceTitle "playchess.com"]
[Source "ChessBase"]
[SourceQuality "1"]
[TimeControl "5400+30"]

1. e4 c6 2. d4 d5 3. e5 Bf5 4. Nf3 e6 5. Be2 Nd7 6. O-O a5 7. Nc3 a4 8. Bd2 Bg4 9. b3 axb3 10. axb3 Ne7 11. Rxa8 Qxa8 12. Ng5 Bxe2 13. Nxe2 h6 14. Nxe6 fxe6 15. Nf4 h5 16. Nxe6 Qc8 17. Ng5 Nf5 18. g4 hxg4 19. Qxg4 g6 20. Nf3 Rg8 21. Nh4 Rg7 22. Bg5 Nb6 23. Ng2 Be7 24. Bxe7 Nxe7 25. e6 Kf8 26. Re1 Kg8 27. Nf4 Qf8 28. Nd3 Nbc8 29. Nc5 Qf5 30. Qg3 g5 31. Nxb7 Qxc2 32. Nd8 (32. Nc5 {is the only way for White.}) 32... Qd2 33. Ra1 $2 (33. Qe3 {was called for.} Qxe3 34. fxe3) 33... Qxd4 34. Ra8 $2 (34. Rc1) 34... Qf4 $2 (34... Qd1+ 35. Kg2 Nf5 36. Rxc8 Nxg3 37. hxg3 Kh7 (37... Qxb3 38. Nf7+ Kh7 39. Rh8+ Kg6 40. e7 $11) 38. Rxc6 Qxb3) 35. Qxf4 $19 gxf4+ 36. Kf1 Kh7 37. Nxc6 Nxc6 38. Rxc8 Nd4 39. Rd8 Nxe6 40. Rxd5 Rb7 41. Rd6 {[%emt 0:00:36] [#]} Nf8 $1 42. h4 Rxb3 (42... Rb5 $17 {[%cal Of8g6] And now ...Ng6! would win.} 43. Rd4 Ng6 (43... Rxb3 44. Rxf4 Ng6 45. Ra4 $15)) 43. Rf6 $1 $15 f3 44. Kg1 $1 Kg7 45. Rf5 Ne6 46. Kh2 Kg6 47. Ra5 Rc3 48. Kg3 Nc5 49. Kf4 Kh5 50. Kg3 Kh6 51. Kf4 Kg6 52. Rb5 Nb3 53. Rg5+ Kf6 54. Rf5+ Kg6 55. Rg5+ Kh6 56. Rd5 Nc1 57. Kg4 Ne2 58. Rh5+ Kg6 59. Rg5+ Kf6 60. Rf5+ Ke6 61. Rxf3 Rc4+ 62. Kg5 Nd4 63. Ra3 (63. Rf6+ Ke7 64. Ra6 Nf3+ 65. Kf5 Nxh4+ 66. Kg5 Nf3+ 67. Kf5 Nd4+ 68. Ke5 Nc6+ 69. Kf5 Nd4+ 70. Ke4 Nb5+ 71. Kf3 Rc3+ 72. Kf4 Nd4 $15) 63... Rc8 64. Re3+ Kf7 65. Kf4 Kf6 66. Ra3 Rc4 67. Ra6+ Ne6+ 68. Kg3 Kf5 69. Ra5+ Nc5 70. f3 Kf6 71. Rb5 Nd7 72. Ra5 Ne5 73. Ra3 Rc6 74. Ra8 Ng6 75. Ra5 Ne7 76. Ra4 Kg6 77. Kg4 Nd5 78. Kg3 Kh6 79. Rd4 Rg6+ 80. Rg4 1/2-1/2

[Event "Baku Open 2024"]
[Site "Baku"]
[Date "2024.06.30"]
[Round "2.4"]
[White "Atakishiyev, Elmar"]
[Black "Abasov, Nijat"]
[Result "1-0"]
[ECO "E04"]
[WhiteElo "2356"]
[BlackElo "2621"]
[Annotator "TA"]
[PlyCount "99"]
[EventDate "2024.06.29"]
[EventType "swiss"]
[EventCountry "AZE"]
[SourceTitle "playchess.com"]
[Source "ChessBase"]
[SourceQuality "1"]
[TimeControl "5400+30"]

1. d4 Nf6 2. Nf3 d5 3. c4 e6 4. g3 dxc4 5. Bg2 a6 6. O-O Nc6 7. Nc3 Rb8 8. e4 Be7 9. Qe2 b5 {[%emt 0:01:55][%cal Oe8g8] [#]} 10. d5 $1 exd5 11. e5 Ng4 {[%emt 0:02:05] Threatens to win with ...Bf5. The position is equal.} 12. Rd1 Nb4 (12... d4 $15 13. Qe4 Qd7) 13. h3 $11 Nxf2 14. Qxf2 Nd3 {[%emt 0:06:06] Wards off Ne1} 15. Qe2 (15. Rxd3 $11 cxd3 16. Nd4) 15... O-O (15... b4 $15 16. Na4 c5) 16. Rxd3 cxd3 17. Qxd3 Be6 18. Nd4 Qd7 {[%emt 0:00:15] Prevents Nc6.} 19. Be3 c5 20. Nxe6 fxe6 21. Ne2 c4 22. Qd2 {[%emt 0:01:33][%mdl 1024] White has compensation.} b4 23. h4 Kh8 24. Bd4 Qc6 25. Rc1 Bc5 (25... a5 $11) 26. Rxc4 $16 Bxd4+ 27. Rxd4 {[%emt 0:00:04][%cal Od4d3] Strongly threatening Rd3!} Rf5 {[%emt 0:02:03] White now steadily converts the win.} ({Black should try} 27... b3 $14 28. axb3 Rxb3) 28. Rf4 {[%emt 0:04:28] And now Rxf5 would win.} Rxe5 {[%emt 0:02:45] [#]} 29. Qxb4 $1 (29. Rxb4 $2 {loses.} Qc5+ (29... Rxb4 $2 30. Qxb4 Qc8 31. Nf4 $18) 30. Rd4 Rxe2 31. Qxe2 Qxd4+ $19) 29... Qe8 (29... Qc8 {might work better.} 30. Qd2 Kg8) 30. Qd2 $18 Qg6 31. Kh2 Rf5 32. b3 $40 {[%emt 0:01:33][%mdl 128] White wants a kill.} Rbf8 33. Rxf5 Qxf5 34. Nf4 Rc8 (34... g5 {was called for.} 35. Bh3 g4) 35. Qa5 d4 36. Qxa6 e5 {[%emt 0:00:03] [#]} 37. Be4 $1 Qg4 (37... Qf8 38. Ne6) 38. Qe2 Qxe2+ 39. Nxe2 Rd8 40. Kg2 d3 41. Nc3 Rc8 42. Nd1 Rc1 (42... Rc2+ $142 43. Kf3 Rxa2 44. Bxd3 Rd2) 43. Ne3 g6 ({Much weaker is} 43... d2 44. Bf3 Re1 45. Kf2 $18) 44. Kf2 (44. Bxd3 Rc3 $11) 44... Ra1 45. Bxd3 Rxa2+ 46. Kf3 Kg7 47. Ke4 Rb2 48. Bc4 ({Weaker is} 48. Kxe5 Rxb3 49. Kd4 Rb7 $16) 48... g5 49. h5 g4 50. Nxg4 {[%emt 0:00:34] Weighted Error Value: White=0.13 (very precise) /Black=0.39.  Mistake:       	White=1     	Black=7      Inaccurate:     	White=3     	Black=4      OK:         	White=20    	Black=14     Best:        	White=6     	---        Strong:       	White=1     	---} 1-0

[Event "Baku Open 2024"]
[Site "Baku"]
[Date "2024.06.30"]
[Round "2.5"]
[White "Aditya Mittal"]
[Black "Aliyev, Ravan"]
[Result "1-0"]
[ECO "C54"]
[WhiteElo "2595"]
[BlackElo "2352"]
[Annotator "TA"]
[PlyCount "89"]
[EventDate "2024.06.29"]
[EventType "swiss"]
[EventCountry "AZE"]
[SourceTitle "playchess.com"]
[Source "ChessBase"]
[SourceQuality "1"]
[TimeControl "5400+30"]

1. e4 e5 2. Nf3 Nc6 3. Bc4 Bc5 4. O-O Nf6 5. d3 d6 6. c3 a6 7. a4 h6 8. h3 O-O 9. Re1 Ba7 10. Nbd2 {[%emt 0:00:35][%cal Bb1d2,Bd2f1,Bf1g3][%mdl 32] The position is equal.} Ne7 11. Nf1 Ng6 12. Ng3 c6 13. Bb3 Re8 14. d4 Be6 15. Bc2 Qc7 16. Be3 a5 (16... Rad8 $11) 17. Qc1 Rad8 18. Nf5 Bxf5 19. exf5 e4 20. Nd2 Nh4 {[%emt 0:04:05][%cal Od6d5] [#] Hoping for ...d5!} 21. Bf4 Qd7 22. Nxe4 (22. Bxe4 Nxe4 23. Rxe4 Rxe4 24. Nxe4 Nxf5 $11) 22... Qxf5 23. Bg3 $36 {[%emt 0:01:17][%mdl 2048] White is more active.} (23. Nxd6 $2 Rxe1+ 24. Qxe1 Qxf4 $19 (24... Qxc2 $2 25. Qb1 $19)) 23... Ng6 24. Nxf6+ (24. Nxd6 $2 Rxe1+ 25. Qxe1 Qxc2 $19) 24... Qxf6 25. Qd2 Bb6 26. Qd3 d5 27. h4 h5 28. Re2 Kf8 {[%emt 0:03:26] [#]} (28... Rxe2 $14 29. Qxe2 Nf4 30. Bxf4 Qxf4) 29. Kf1 (29. Rae1 $1 $16) 29... Nf4 (29... Rxe2 $11 30. Qxe2 Nf4 31. Bxf4 Qxh4) 30. Rxe8+ $16 Rxe8 31. Qh7 {[%emt 0:01:13] And now Bxf4 would win.} Ke7 32. Re1+ Kd8 33. Rxe8+ Kxe8 34. Bf5 Bc7 35. Bxf4 Bxf4 $14 {[%emt 0:00:07][%mdl 4096] Endgame. KQB-KQB} 36. Qg8+ Ke7 37. Qc8 g6 38. Bd7 Qxh4 39. Qxb7 Qh1+ 40. Ke2 Qc1 $1 {[%emt 0:00:27] ( -> ...Qc2+)} 41. g3 (41. Qxc6 $2 Qc2+ (41... Qxb2+ 42. Kf3 $11) 42. Ke1 Qd2+ 43. Kf1 Qd1#) 41... Qc2+ $1 42. Kf1 {[%emt 0:00:05] aiming for Bf5+.} Qc1+ $2 (42... Qd3+ $11 43. Kg1 Qb1+ 44. Kh2 Qe1 45. Bh3+ (45. gxf4 Qxf2+ 46. Kh1 Qf1+ 47. Kh2 Qxf4+ 48. Kg1 Qc1+ 49. Kf2 Qd2+ 50. Kf1 Qd1+ 51. Kf2 Qd2+ 52. Kf1 Qd1+ 53. Kf2 Qd2+ $11) (45. Bxc6+ Kf6 $11) 45... Kf8) 43. Kg2 $18 Bd6 $2 (43... Bg5 44. Bxc6+ (44. Qxc6 h4 $18) 44... Kf8 45. Bxd5 Be7 46. Qc8+ Kg7) 44. Bxc6+ Kf6 45. Bxd5 {[%emt 0:00:06] Weighted Error Value: White=0.13 (very precise) /Black=0.28 (precise) .  Loses game:     	---       	Black=1      Mistake:       	White=1     	Black=4      Inaccurate:     	White=6     	Black=1      OK:         	White=12    	Black=10     Best:        	White=6     	Black=4      Strong:       	---       	Black=2} (45. Be8 $142 Qc2 46. Qxf7+ (46. Bxf7 Qe4+ 47. Kf1 Qd3+ 48. Ke1 Qe4+ 49. Kd2 Qf3 $11) 46... Kg5 47. Qxd5+ Kh6 48. Qxd6 Qe4+ 49. Kh2 Qxe8 50. Qf4+ Kh7 51. d5) 1-0

[Event "Baku Open 2024"]
[Site "Baku"]
[Date "2024.06.30"]
[Round "2.6"]
[White "Putrenko, Kirill"]
[Black "Muradli, Mahammad"]
[Result "0-1"]
[ECO "E49"]
[WhiteElo "2349"]
[BlackElo "2575"]
[Annotator "TA"]
[PlyCount "94"]
[EventDate "2024.06.29"]
[EventType "swiss"]
[EventCountry "AZE"]
[SourceTitle "playchess.com"]
[Source "ChessBase"]
[SourceQuality "1"]
[TimeControl "5400+30"]

1. d4 Nf6 2. c4 e6 3. Nc3 Bb4 4. e3 O-O 5. Bd3 d5 6. a3 Bxc3+ 7. bxc3 dxc4 8. Bxc4 c5 9. Ne2 Qc7 10. Bd3 Nc6 11. f4 Rd8 12. O-O b6 13. Ng3 {[%emt 0:01:41] The position is equal.} Ne7 14. Bb2 Nf5 15. Nxf5 exf5 16. c4 cxd4 17. Bxd4 Qe7 18. Qd2 Ne4 19. Qb4 Nc5 20. Bc2 Qc7 21. Rad1 Be6 22. Qc3 f6 23. Rf3 Kf7 24. Rh3 h6 25. Rh5 Rac8 26. Bxf5 Bxf5 27. Rxf5 Ne6 $1 28. Rc1 {[%emt 0:02:55] [#]} (28. Rb5 $142) 28... Nxd4 $1 $17 29. exd4 {[%emt 0:00:10] [#]} g6 (29... a6 $1 $17 {And now ...g6 would win.} 30. Qf3 Rxd4) 30. Rb5 $11 Qxf4 31. Rd1 Rd7 32. c5 bxc5 33. Rxc5 Rxc5 34. Qxc5 {[%emt 0:00:08][%mdl 4096] Endgame. KQR-KQR} Qe3+ 35. Kh1 Qe2 36. Qc1 g5 37. h3 Rb7 38. Re1 Qf2 39. Qc4+ Kg7 40. Rf1 Qb2 41. Qc6 Rf7 42. Qd6 Qe2 43. Rc1 Kg6 44. Rc8 Re7 45. Qd5 (45. Kh2 $11) 45... Qf1+ {[%emt 0:00:09] Black mates.} 46. Kh2 Qf4+ 47. g3 Re2+ {[%emt 0:00:06] Weighted Error Value: White=0.27 (precise) /Black=0.08 (flawless) .  Loses game:     	White=1     	---        Mistake:       	White=1     	Black=1      Inaccurate:     	White=3     	Black=2      OK:         	White=14    	Black=8      Best:        	White=2     	Black=2      Strong:       	---       	Black=2} 0-1

[Event "Baku Open 2024"]
[Site "Baku"]
[Date "2024.06.30"]
[Round "2.7"]
[White "Raahul V S"]
[Black "Iskandarov, Misratdin"]
[Result "1-0"]
[ECO "E73"]
[WhiteElo "2314"]
[BlackElo "2524"]
[Annotator "TA"]
[PlyCount "65"]
[EventDate "2024.06.29"]
[EventType "swiss"]
[EventCountry "AZE"]
[SourceTitle "playchess.com"]
[Source "ChessBase"]
[SourceQuality "1"]
[TimeControl "5400+30"]

1. d4 Nf6 2. c4 g6 3. Nc3 Bg7 4. e4 d6 5. Be2 O-O 6. Be3 Nc6 7. d5 Ne5 8. f4 Ned7 9. Nf3 (9. Nh3 $16) 9... e6 10. dxe6 fxe6 11. Ng5 Qe7 12. O-O h6 13. Nf3 {[%emt 0:00:06] White has more active pieces.} Ng4 14. Bd2 Nc5 15. Qc2 {[%emt 0:13:09][%cal Oe4e5] [#] And now e5! would win.} e5 16. h3 {[%emt 0:07:02] b4 is the strong threat.} exf4 17. hxg4 Bxg4 18. Bd3 (18. Rac1 $16) 18... g5 $11 {[%emt 0:09:07] Threatens to win with ...Bxf3.} 19. Nd5 Qd7 20. Nh2 {[%emt 0:02:31] [#] aiming for Nxg4.} Bh5 21. e5 Bxe5 22. Bg6 Bxg6 23. Qxg6+ Qg7 24. Qxg7+ Kxg7 25. Nxc7 Rac8 26. Nb5 Ne4 27. Nf3 Rxc4 {[%emt 0:08:49] White must now prevent ...Nxd2.} 28. Rac1 Nxd2 29. Nxd2 Rxc1 30. Rxc1 Bxb2 31. Rb1 Be5 32. Nc4 b6 33. Ncxd6 {[%emt 0:03:11][%mdl 32768] Weighted Error Value: White=0.11 (very precise) /Black=0.08 (flawless) .  Mistake:       	White=2     	---        Inaccurate:     	White=1     	Black=2      OK:         	White=9     	Black=8      Best:        	White=3     	Black=4     . Loss on time!?} (33. Nbxd6 Bd4+ 34. Kf1 Bc5 $14) 1-0

[Event "Baku Open 2024"]
[Site "Baku"]
[Date "2024.06.30"]
[Round "2.8"]
[White "Hamidov, Allahverdi"]
[Black "Zhalmakhanov, Ramazan"]
[Result "1-0"]
[ECO "E55"]
[WhiteElo "2307"]
[BlackElo "2505"]
[Annotator "TA"]
[PlyCount "109"]
[EventDate "2024.06.29"]
[EventType "swiss"]
[EventCountry "AZE"]
[SourceTitle "playchess.com"]
[Source "ChessBase"]
[SourceQuality "1"]
[TimeControl "5400+30"]

1. d4 Nf6 2. c4 e6 3. Nc3 Bb4 4. e3 O-O 5. Bd3 d5 6. Nf3 dxc4 7. Bxc4 c5 8. O-O cxd4 9. exd4 b6 10. Qe2 Bb7 11. Rd1 Bxc3 12. bxc3 Qc7 13. Bd3 Nbd7 14. c4 Rfe8 15. Bb2 Rac8 16. Rac1 {[%emt 0:00:39] The position is equal.} (16. a4 {keeps more tension.} Ng4 17. h3 Bxf3 18. Qxf3 Qh2+ 19. Kf1) 16... Bc6 17. Ne5 Nxe5 18. Qxe5 Qxe5 19. dxe5 Nd7 20. Bf1 Nc5 21. f3 Red8 22. Kf2 Kf8 23. Ke3 Ke7 24. Be2 Ba4 25. Rxd8 Kxd8 26. Bd4 Kc7 27. g4 Bc6 28. h4 Kd7 29. Rc3 Bb7 30. Ra3 a5 31. Rc3 Ba6 32. Rc1 Ke7 33. f4 Nd7 34. Bd3 g6 35. Bb2 Nc5 36. Be2 Kd7 37. Ba3 Kc7 38. Rh1 Rg8 39. h5 Bb7 40. Rh2 g5 $2 {[%emt 0:00:08][%mdl 8192] [#] Black cannot hold the game after this.} (40... Re8 $14) 41. Bxc5 $18 gxf4+ 42. Kxf4 bxc5 {[%emt 0:00:02][%mdl 4096] Endgame. KRB-KRB} 43. Rf2 Kd7 44. g5 Ke7 45. Bd3 Rd8 46. Bxh7 Rd4+ (46... Ba6 $142 47. h6 Bxc4) 47. Kg3 Be4 48. Bxe4 Rxe4 {[%emt 0:00:02] KR-KR} 49. h6 {[%emt 0:00:11] [#] h7 would kill now.} Re3+ 50. Kg2 Re4 51. Rf3 {[%emt 0:00:52] Threatening mate with h7.} Re2+ 52. Kg3 {[%emt 0:03:10] White wants to mate with h7.} Re1 53. Rb3 Rg1+ 54. Kh2 Rxg5 55. h7 {[%emt 0:00:13] Weighted Error Value: White=0.04 (flawless) /Black=0.43.  Loses game:     	---       	Black=1      Mistake:       	---       	Black=1      Inaccurate:     	White=1     	Black=2      OK:         	White=13    	Black=8      Best:        	White=3     	---} 1-0

[Event "Baku Open 2024"]
[Site "Baku"]
[Date "2024.06.30"]
[Round "2.9"]
[White "Samadov, Read"]
[Black "Zhukova, Natalia"]
[Result "1-0"]
[ECO "D37"]
[WhiteElo "2503"]
[BlackElo "2306"]
[Annotator "TA"]
[PlyCount "81"]
[EventDate "2024.06.29"]
[EventType "swiss"]
[EventCountry "AZE"]
[SourceTitle "playchess.com"]
[Source "ChessBase"]
[SourceQuality "1"]
[TimeControl "5400+30"]

1. d4 d5 2. c4 e6 3. Nf3 Nf6 4. Nc3 a6 5. cxd5 exd5 6. Bg5 Be6 7. e3 Nbd7 8. Bd3 {[%emt 0:01:05] White has an edge.} h6 9. Bh4 g5 10. Bg3 Nh5 11. Qb3 Nxg3 12. hxg3 b5 13. Qc2 (13. Nxd5 $2 c6 14. e4 Bg7 $19 (14... cxd5 $2 15. exd5 Bg4 16. Ne5 $19)) 13... c5 14. dxc5 Nxc5 15. O-O Rc8 16. Nd4 Bg7 17. Qd2 O-O 18. Rac1 Re8 19. Bb1 b4 20. Nce2 {[%emt 0:00:37] Excellent horsemanship.} a5 21. Rfd1 Qf6 22. a3 Bf8 23. axb4 axb4 24. Nxe6 $1 (24. Qxb4 $2 Nd3 $17) 24... fxe6 25. Nd4 (25. Qxb4 $2 Nd3 26. Qb7 Rxc1 (26... Nxc1 27. Qh7#) (26... Qxf2+ 27. Kh2 $11) (26... Rb8 27. Qa7 $11) 27. Nxc1 Re7 $17 (27... Qxb2 $2 28. Qc6 $18) (27... Qxf2+ 28. Kh2 $11)) 25... Qf7 26. Qe2 (26. Qxb4 Nd3 27. Qd2 Nxc1 28. Rxc1 Bb4 $15) 26... Bg7 27. Qb5 Rf8 28. f3 ({Much worse is} 28. Rxc5 $6 Qxf2+ 29. Kh1 Qxg3 30. Rxc8 (30. Qxb4 $2 {perishes.} Be5 $19) 30... Qh4+ 31. Kg1 Qf2+ 32. Kh1 Qh4+ 33. Kg1 Qf2+ 34. Kh1 Qh4+ $11) 28... Nd7 {[%emt 0:00:29] Black is weak on the light squares} 29. Qxb4 {[%emt 0:01:13] White is more active.} Ne5 30. b3 Qd7 {[%emt 0:00:59] Repels Qd6} 31. Qb6 Rfe8 32. Rxc8 Qxc8 33. Qb5 Re7 34. Qe2 Rc7 (34... Qc3 $16) 35. f4 $18 Nf7 36. Kh2 Rc3 (36... Rc1 $142 37. Bg6 Rxd1 38. Qxd1 gxf4 39. exf4 (39. gxf4 Nd6 $16) 39... Qd7) 37. Bg6 Nh8 38. Bh5 e5 $2 {[%emt 0:00:19] [#]} (38... Rc7 39. e4 gxf4) 39. fxe5 {[%emt 0:00:53] White is clearly winning.} Bxe5 40. Qf3 Rc5 41. b4 {[%emt 0:00:47] Weighted Error Value: White=0.11 (very precise) /Black=0.33.  Mistake:       	---       	Black=4      Inaccurate:     	White=5     	Black=7      OK:         	White=14    	Black=6      Best:        	White=1     	Black=1      Strong:       	White=1     	---} 1-0

[Event "Baku Open 2024"]
[Site "Baku"]
[Date "2024.06.30"]
[Round "2.10"]
[White "Mohamed Anees M"]
[Black "Yeletsky, Ivan"]
[Result "1/2-1/2"]
[ECO "C01"]
[WhiteElo "2306"]
[BlackElo "2498"]
[Annotator "TA"]
[PlyCount "114"]
[EventDate "2024.06.29"]
[EventType "swiss"]
[EventCountry "AZE"]
[SourceTitle "playchess.com"]
[Source "ChessBase"]
[SourceQuality "1"]
[TimeControl "5400+30"]

1. e4 e6 2. d4 d5 3. exd5 exd5 4. Bf4 Nf6 5. Nc3 c6 6. Qd2 {[%emt 0:00:41] C01: French: Exchange Variation.} Be7 7. Bd3 O-O 8. Nge2 Nbd7 9. O-O Re8 10. Rae1 Nf8 11. h3 Ng6 $146 ({Predecessor:} 11... Bd6 12. Ng3 Rxe1 13. Rxe1 Bxf4 14. Qxf4 Be6 15. a3 Qb8 16. Nce2 {½-½ Spassky,B (2535)-Andersson,U (2635) Sigeman & Co 06th 1998 (3)}) 12. Bh2 Bd6 13. Bxd6 Qxd6 14. Ng3 Bd7 15. a3 Nf4 16. Bf5 g6 17. Bxd7 (17. Re5 {keeps more tension.} Rxe5 18. dxe5 Qxe5 19. Re1) 17... Nxd7 18. Nce2 Ne6 19. c3 Nb6 20. Nc1 a5 21. Nd3 f6 22. f4 Ng7 23. Qf2 Nd7 24. f5 g5 25. Qf3 Qf8 26. Nh5 Rxe1 27. Rxe1 Re8 28. Rxe8 Qxe8 29. Nxg7 Kxg7 30. Qg3 Kf8 ({Black should try} 30... Qe4 $11) 31. Qc7 (31. Kf2 $14) 31... Qe3+ $11 32. Kh2 Qxd3 $2 (32... Ke8 $11 33. Qc8+ Ke7) 33. Qd8+ $1 $18 (33. Qxd7 $6 Qe3 $11) 33... Kg7 34. Qxd7+ Kh6 35. Qe6 (35. Qxb7 Qxf5 36. Qc7 (36. Qxc6 Qf4+ 37. Kg1 Qc1+ 38. Kf2 Qd2+ 39. Kf1 Qc1+ 40. Kf2 Qd2+ 41. Kf1 Qf4+ 42. Ke1 Qc1+ 43. Ke2 Qxb2+ 44. Kf3 Kg7 $11) 36... a4 $11) 35... Qd2 36. Qxf6+ Kh5 37. Qe5 a4 $2 (37... Qf2 38. a4 Kh6) 38. Qc7 $2 ({Less strong is} 38. Kg3 Kh6 $16) (38. Qg3 $1 $18) 38... Kh6 $16 39. Qd6+ ({Much weaker is} 39. Qxb7 $6 Qf4+ 40. Kg1 Qe3+ 41. Kf1 Qd3+ 42. Kg1 Qe3+ 43. Kh1 Qc1+ 44. Kh2 Qf4+ 45. Kg1 Qe3+ $11) 39... Kh5 $2 (39... Kg7 $16) 40. Qe5 $2 (40. Qg3 $1 $18 {and the rest is easy.}) 40... Kh6 41. Qc7 (41. Qf6+ $16 Kh5 42. Qe7) 41... Qf4+ $11 42. Qxf4 gxf4 43. Kg1 $2 (43. f6 $11) 43... Kg5 $19 44. Kf2 Kxf5 45. Kf3 b6 46. Kf2 Ke4 47. Ke2 c5 48. dxc5 bxc5 49. Kd2 c4 50. Ke2 h6 51. Kd2 f3 52. g3 {[%emt 0:00:30] [#]} f2 $1 53. Ke2 f1=Q+ 54. Kxf1 {[%emt 0:00:03] [#]} Kf3 $2 (54... Kd3 $1 $19 {[%cal Rd3c2] Strongly threatening ...Kc2.} 55. h4 Kc2) 55. g4 $11 Kg3 $2 (55... Ke3 $11) 56. Ke2 $18 Kxh3 57. Kf3 Kh2 1/2-1/2